 Dungeon Crawl Stone Soup version 0.19.5 (webtiles) character file.

229 manyhoops the Vexing (level 5, -13/24 HPs)
             Began as a Spriggan Enchanter on May 10, 2017.
             Killed themself with a badly aimed iceblast (18 damage)
             ... in a sewer.
             The game lasted 00:07:08 (2647 turns).

manyhoops the Vexing (Spriggan Enchanter)           Turns: 2647, Time: 00:07:08

Health: -13/24     AC:  3    Str:  4    XL:     5   Next: 71%
Magic:  0/13       EV: 18    Int: 17    God:
Gold:   68         SH:  0    Dex: 17    Spells: 3 memorised, 7 levels left

rFire  . . .     SeeInvis +     a - +1 dagger
rCold  . . .     Gourm    .     b - +1 robe
rNeg   . . .     Faith    .     (shield restricted)
rPois  .         Spirit   .     (helmet restricted)
rElec  .         Reflect  .     (no cloak)
rCorr  .         Harm     .     (gloves unavailable)
MR     .....                    (boots unavailable)
Stlth  +++.......               e - amulet of rage
                                (no ring)
                                (no ring)

@: very slightly contaminated, very quick
A: unfitting armour, see invisible, herbivore 3, speed 3, slow metabolism 2
a: Evoke Berserk Rage


You were in a sewer.
You were not hungry.

You visited 1 branch of the dungeon, and saw 3 of its levels.
You also visited: Sewer.

You collected 68 gold pieces.

Inventory:

Hand Weapons
 a - a +1 dagger (weapon)
Armour
 b - a +1 robe (worn)
Jewellery
 e - an amulet of rage (around neck)
Wands
 i - a wand of random effects (20/48)
Scrolls
 j - a scroll of noise
Books
 c - a book of Maledictions

   Spells                             Type                      Level
   a - Corona                         Hexes                        1
   b - Ensorcelled Hibernation        Hexes/Ice                    2
   c - Confuse                        Hexes                        3
   d - Tukima's Dance                 Hexes                        3
   e - Dazzling Spray                 Conjuration/Hexes            3
Comestibles
 d - 2 bread rations


   Skills:
 - Level 3.9 Short Blades
 - Level 3.0 Dodging
 - Level 4.4 Stealth
 * Level 4.7 Spellcasting
 + Level 5.2 Hexes


You had 7 spell levels left.
You knew the following spells:

 Your Spells              Type           Power        Failure   Level  Hunger
a - Corona                Hex            ###....      1%          1    None
b - Ensorcelled Hibernat  Hex/Ice        ##....       10%         2    #......
c - Confuse               Hex            ###.....     8%          3    ###....


Dungeon Overview and Level Annotations

Branches:
Dungeon (3/15)

Altars:
Nemelex Xobeh


Innate Abilities, Weirdness & Mutations

You are very small and have problems with some larger weapons.
You are too small for most types of armour.
You have supernaturally acute eyesight. (SInv)
You are a herbivore.
You cover ground extremely quickly.
You need consume almost no food.


Message History

j - a scroll of noise The bullfrog completely misses you.
The ball python barely misses you. x2
The bullfrog completely misses you. The ball python closely misses you.
The ball python misses you.
Casting: Ensorcelled Hibernation
Confirm with . or Enter, or press ? or * to list all spells.
Aiming: Ensorcelled Hibernation
Press: ? - help, Shift-Dir - straight line, f/p - bullfrog
Aim: a bullfrog (chance to defeat MR: 43%)
You miscast Ensorcelled Hibernation.
You are very lightly contaminated with residual magic.
A chill runs through your body. The bullfrog barely misses you.
Zapping:
i - a wand of random effects {zapped: 3} (will waste charges)
Press: ? - help, Shift-Dir - straight line, f/p - bullfrog
Aim: a bullfrog The mass of ice explodes!
The iceblast engulfs the bullfrog.
The bullfrog is severely wounded.
The iceblast engulfs you!
Ouch! That really hurt!
You die...

#############
####.≈≈≈.≈.≈≈≈≈####
####≈≈≈≈≈...≈≈.≈≈≈≈≈.##
##≈.≈≈...#########≈≈≈≈≈≈
##≈..≈≈####≈≈...†≈####≈≈≈
##.≈≈≈###≈Ssl≈≈≈≈≈≈.≈≈###≈
#≈≈≈≈##≈≈≈F≈#######≈≈†≈≈##
##≈≈.##≈.≈@### ###≈≈≈.#
#≈≈≈≈#≈≈≈.##≈≈..≈≈≈≈
##≈≈.≈
##≈≈.##≈.≈##≈≈≈..≈.≈≈
##≈≈.
#.≈≈≈#≈≈≈≈#≈.≈.$($.≈≈ #≈≈≈
#∩.≈≈#.≈≈≈#≈≈.).?.≈.≈ #≈†.
#..≈≈#≈≈≈≈#≈≈≈≈..≈≈≈≈ #≈≈≈
##≈≈.##≈≈≈#≈≈..≈≈≈≈..
##.≈. #.≈≈≈#≈≈≈#≈≈.≈S≈l≈.≈
##..≈≈ ##≈.≈##≈.##.≈#
###..≈.#


You could see a bullfrog, a leopard gecko, a giant cockroach and a ball python.

Vanquished Creatures
  A bullfrog (Sewer)
  4 adders (Sewer)
  13 oozes
  3 dart slugs
  10 leopard geckos (Sewer)
  3 ball pythons (Sewer)
  9 giant cockroaches
  A hobgoblin (D:1)
  3 kobolds
  4 bats
  9 frilled lizards
  3 goblins
  3 rats
66 creatures vanquished.

Notes
Turn   | Place    | Note
-------+----------+-------------------------------------------
     0 | D:1      | manyhoops the Spriggan Enchanter began the quest for the Orb.
     0 | D:1      | Reached XP level 1. HP: 9/9 MP: 5/5
   178 | D:1      | Reached XP level 2. HP: 6/13 MP: 6/6
   200 | D:1      | Learned a level 2 spell: Ensorcelled Hibernation
   422 | D:1      | Found a sparkling altar of Nemelex Xobeh.
  1163 | D:2      | Reached XP level 3. HP: 12/16 MP: 8/8
  1342 | D:3      | Found a glowing drain.
  1347 | Sewer    | Entered a sewer
  1513 | Sewer    | Reached skill level 4 in Hexes
  1513 | Sewer    | Reached XP level 4. HP: 19/21 MP: 9/9
  2211 | Sewer    | Learned a level 3 spell: Confuse
  2387 | Sewer    | Reached XP level 5. HP: 15/24 MP: 11/11
  2606 | Sewer    | Reached skill level 5 in Hexes
  2631 | Sewer    | HP: 1/24 [ball python (1)]
  2639 | Sewer    | HP: 1/24 [bullfrog (9)]
  2647 | Sewer    | Killed themself with a badly aimed iceblast

Skill      XL: |  1  2  3  4  5 |
---------------+----------------+-----
Short Blades   | 2 3 |  3.9
Hexes          | 4 5 |  5.2
Spellcasting   | 3 4 |  4.7
Dodging        | |  3.0
Stealth        | |  4.4

Action                   |  1- 3 |  4- 6 || total
-------------------------+-------+-------++-------
Melee: Dagger            |   127 |   208 ||   335
 Cast: Ensorcelled Hiber |     8 |    31 ||    39
       Corona            |     3 |     3 ||     6
Evoke: Wand              |       |     1 ||     1
  Use: Scroll            |       |     2 ||     2
       Potion            |       |     2 ||     2
 Stab: Sleeping          |    12 |    13 ||    25
  Eat: Bread ration      |       |     1 ||     1
Armor: Robe              |    15 |    29 ||    44
Dodge: Dodged            |    87 |   255 ||   342
